 Dungeon Crawl Stone Soup version 0.24.0-37-gcf1ca852f1 (webtiles) character file.

Game seed: 10294676294280487452, levelgen mode: deterministic

1 grindst0ne the Caller (level 1, 0/17 HPs)
             Began as a Gnoll Wanderer on Nov 25, 2019.
             Slain by a bat (1 damage)
             ... on level 1 of the Dungeon.
             The game lasted 00:00:55 (122 turns).

grindst0ne the Caller (Gnoll Wanderer)               Turns: 122, Time: 00:00:56

Health: 0/17       AC:  2    Str: 14    XL:     1   Next: 20%
Magic:  6/6        EV: 11    Int: 15    God:
Gold:   17         SH:  0    Dex: 13    Spells: 9/9 levels left

rFire    . . .     SeeInvis .   a - +0 club
rCold    . . .     Gourm    .   (no shield)
rNeg     . . .     Faith    .   d - +0 robe
rPois    .         Spirit   .   (no helmet)
rElec    .         Reflect  .   (no cloak)
rCorr    .         Harm     .   (no gloves)
MR       .....                  (no boots)
Stlth    ++........             (no amulet)
HPRegen  0.05/turn              (no ring)
MPRegen  0.10/turn              (no ring)

@: no status effects
A: distributed training, fangs 1, strong nose
a: no special abilities


You were on level 1 of the Dungeon.
You were not hungry.

You visited 1 branch of the dungeon, and saw 1 of its levels.

You collected 17 gold pieces.

Inventory:

Hand Weapons
 a - a +0 club (weapon)
Armour
 d - a +0 robe (worn)
Wands
 c - a wand of random effects (15)
Scrolls
 b - a scroll of enchant weapon {unknown}
 e - a scroll of identify {unknown}
Comestibles
 f - 3 rations


   Skills:
 + Level 2.3 Fighting
 + Level 0.0 Short Blades
 + Level 0.0 Long Blades
 + Level 0.0 Axes
 + Level 0.0 Maces & Flails
 + Level 0.0 Polearms
 + Level 0.0 Staves
 + Level 0.0 Slings
 + Level 0.0 Bows
 + Level 0.0 Crossbows
 + Level 0.0 Throwing
 + Level 4.4 Armour
 + Level 0.0 Dodging
 + Level 2.1 Stealth
 + Level 0.0 Shields
 + Level 0.0 Unarmed Combat
 + Level 4.8 Spellcasting
 + Level 0.0 Conjurations
 + Level 0.0 Hexes
 + Level 0.0 Charms
 + Level 5.3 Summonings
 + Level 0.0 Necromancy
 + Level 0.0 Translocations
 + Level 0.0 Transmutations
 + Level 0.0 Fire Magic
 + Level 0.0 Ice Magic
 + Level 0.0 Air Magic
 + Level 0.0 Earth Magic
 + Level 0.0 Poison Magic
 + Level 0.0 Invocations
 + Level 2.3 Evocations


You had 9 spell levels left.
You didn't know any spells.
Your spell library contained the following spells:

 Spells                   Type           Power        Failure   Level  Hunger
 Call Imp                 Summ           ###.....     2%          2    ##.....
 Magic Dart               Conj           #...         17%         1    None
 Sandblast                Erth           #.....       17%         1    None
 Blink                    Tloc           N/A          26%         2    ##.....
 Slow                     Hex            #.......     26%         2    ##.....
 Conjure Flame            Conj/Fire      #.......     45%         3    ###....
 Mephitic Cloud           Conj/Pois/Air  #.......     45%         3    ###....
 Stone Arrow              Conj/Erth      #.....       45%         3    ###....


Dungeon Overview and Level Annotations

Branches:
Dungeon (1/15)

Altars:


Innate Abilities, Weirdness & Mutations

Your experience applies equally to all skills.
You have very sharp teeth.
Your uncanny sense of smell can sniff out nearby items.


Message History

The bat hits you.
* * * LOW HITPOINT WARNING * * *
The bat hits you.
* * * LOW HITPOINT WARNING * * *
The bat hits you but does no damage.
You barely miss the bat.
The bat is severely wounded.
The bat hits you but does no damage.
You hit the bat but do no damage.
The bat is severely wounded.
The bat misses you. x2
The bat hits you.
* * * LOW HITPOINT WARNING * * *
The bat hits you but does no damage.
You closely miss the bat. You bite the bat, but do no damage.
The bat is severely wounded.
The bat hits you but does no damage. The bat hits you.
* * * LOW HITPOINT WARNING * * *
You miss the bat. The bat hits you.
You die...

##############
######............#
########......>.(....)...#
#........####.####.##.#..#
#.######## #.# #.##.#..#
#.# #######.# #.##.#..# #.#
.......(# #.##.#..# #>#
#######.####....#..# #.#
#.b@........####... #.#
#.####.####.# ..# #.# #...#
#.# #.#....... #..
#.#.....##################
#.#....#####.............##
#.#..## ..........⌠........
#.### ∆.⌠.................
#.# .....⌠.........⌠...


You could see a bat.

Vanquished Creatures
  2 kobolds (D:1)
2 creatures vanquished.

Notes
Turn   | Place    | Note
-------+----------+-------------------------------------------
     0 | D:1      | grindst0ne the Gnoll Wanderer began the quest for the Orb.
     0 | D:1      | grindst0ne set off with the following items: a +0 club, a
                  | wand of random effects (15), a +0 robe, a ration; and the
                  | following spells available to memorise: Call Imp, Magic
                  | Dart, Sandblast, Blink, Slow, Conjure Flame, Mephitic
                  | Cloud, Stone Arrow
     0 | D:1      | Reached XP level 1. HP: 17/17 MP: 6/6
   122 | D:1      | Slain by a bat

Levels and vault maps discovered:
D:1:      dpeg_arrival_water_temple_mockup, layout_loops_ring, st_stairs_6

Action                   || total
-------------------------++-------
Melee: Club              ||    17
       Bite              ||     1
Armor: Robe              ||    13
Dodge: Dodged            ||    18
